[Event "Titled Tuesday Blitz March 28 Late 2023"]
[White "Torres Dominguez, David"]
[Black "Vedder, Richard"]
[WhiteFideId "2220857"]
[BlackFideId "1004166"]
[WhiteElo "1999"]
[BlackElo "2168"]
[Result "0-1"]
[Round "11"]
[TimeControl "180+2"]
[Date "2023.03.28"]
[WhiteClock "0:00:01"]
[BlackClock "0:01:25"]

1. e4 e5 2. Bc4 Nf6 3. Nc3 Nxe4 4. Qh5 Nd6 5. Qxe5+ Qe7 6. Qxe7+ Bxe7 7. Be2 O-O 8. Nf3 c6 9. d4 Ne8 10. d5 Bf6 11. Bd2 d6 12. O-O-O c5 13. Ne4 Nd7 14. Rhe1 Nb6 15. Nxf6+ Nxf6 16. c4 Bf5 17. Nh4 Bd7 18. b3 Rfe8 19. h3 Ne4 20. Be3 a5 21. a4 Re7 22. Bd3 Rae8 23. Bd2 Nxf2 24. Rxe7 Rxe7 25. Kc2 Nxd1 26. Kxd1 g6 27. Bg5 Re8 28. Bf4 Nc8 29. Nf3 f6 30. Kd2 Kg7 31. Bg3 Kf7 32. Be1 Ke7 33. Kd1 Kd8 34. Bxa5+ b6 35. Bc3 Kc7 36. Bxf6 Ne7 37. Bxe7 Rxe7 38. Kd2 Rf7 39. Ke3 Bf5 40. Bxf5 Rxf5 41. h4 h5 42. g3 Kd7 43. Ng1 Re5+ 44. Kd2 Re4 45. Ne2 Ke7 46. Nf4 Kf6 47. Kd3 Re1 48. Kd2 Rb1 49. Kc2 Rg1 50. Ne2 Rg2 51. Kd3 Kf5 52. Ke3 Kg4 0-1


[Site "https://www.chess.com"]

[Event "Titled Tuesday Blitz March 28 Late 2023"]
[White "Buchenau, Frank"]
[Black "Fajdetic, Hrvoje"]
[WhiteFideId "4604350"]
[BlackFideId "14501945"]
[WhiteElo "2157"]
[BlackElo "2185"]
[Result "0-1"]
[Round "11"]
[TimeControl "180+2"]
[Date "2023.03.28"]
[WhiteClock "0:00:06"]
[BlackClock "0:00:08"]

1. e4 c5 2. Nf3 a6 3. g3 Nc6 4. Bg2 g6 5. O-O Bg7 6. c3 e5 7. d4 exd4 8. cxd4 Nxd4 9. Nxd4 Bxd4 10. Nc3 Ne7 11. Bh6 f6 12. Kh1 Qb6 13. Qe2 Kf7 14. Rad1 d6 15. f4 Bd7 16. e5 Bc6 17. Ne4 Nf5 18. Nxd6+ Nxd6 19. exd6 Bxg2+ 20. Qxg2 Qxd6 21. Qxb7+ Qe7 22. Qxe7+ Kxe7 23. b4 Rhe8 24. f5 g5 25. h4 gxh4 26. gxh4 Kf7 27. bxc5 Bxc5 28. Rd7+ Re7 29. Rxe7+ Bxe7 30. Rb1 Rc8 31. Rb6 Rc5 32. Rxa6 Rxf5 33. Kg2 Rh5 34. Be3 Rxh4 35. Ra7 Re4 36. Kf3 Re6 37. a4 Kg6 38. a5 Rxe3+ 39. Kxe3 Bc5+ 0-1


[Site "https://www.chess.com"]

[Event "Titled Tuesday Blitz March 28 Late 2023"]
[White "Kubatko, Ivan"]
[Black "lluiss"]
[WhiteFideId "24111473"]
[WhiteElo "2285"]
[BlackElo "2199"]
[Result "1/2-1/2"]
[Round "11"]
[TimeControl "180+2"]
[Date "2023.03.28"]
[WhiteClock "0:00:09"]
[BlackClock "0:00:11"]

1. e4 c5 2. c3 d5 3. exd5 Qxd5 4. d4 Nf6 5. Nf3 Bg4 6. Be2 e6 7. h3 Bh5 8. Na3 Nc6 9. O-O cxd4 10. Nb5 Rc8 11. Nfxd4 Nxd4 12. Nxd4 Bxe2 13. Qxe2 a6 14. Rd1 Qe4 15. Qxe4 Nxe4 16. Bf4 Bc5 17. Be3 O-O 18. Kf1 Rfd8 19. Ke2 g6 20. Nb3 Bxe3 21. Kxe3 Nd6 22. Nd2 Kf8 23. Rac1 b5 24. b3 Rc7 25. Nb1 Nf5+ 26. Ke2 Rcd7 27. Rxd7 Rxd7 28. Nd2 Ke7 29. g4 Nd6 30. c4 bxc4 31. Nxc4 Nxc4 32. Rxc4 Rd5 33. b4 h5 34. a4 hxg4 35. hxg4 Kd6 36. Ke3 f5 37. Rc8 fxg4 38. Rd8+ Ke5 39. Rxd5+ Kxd5 40. Kd3 e5 41. b5 axb5 42. axb5 Kc5 43. Ke4 Kxb5 44. Kxe5 Kc5 45. Kf4 Kd6 46. Kxg4 Ke6 47. Kg5 Kf7 48. f4 Kg7 49. f5 gxf5 50. Kxf5 1/2-1/2


[Site "https://www.chess.com"]

[Event "Titled Tuesday Blitz March 28 Late 2023"]
[White "ritanovikova"]
[Black "Fernandez, Maria Florencia"]
[BlackFideId "116459"]
[WhiteElo "2223"]
[BlackElo "2155"]
[Result "0-1"]
[Round "11"]
[TimeControl "180+2"]
[Date "2023.03.28"]
[WhiteClock "0:00:04"]
[BlackClock "0:00:33"]

1. e4 c5 2. Nc3 Nc6 3. d3 g6 4. Be3 Nd4 5. Qd2 Bg7 6. Nd1 d5 7. c3 Ne6 8. exd5 Qxd5 9. Ne2 Nf6 10. h3 O-O 11. Nf4 Nxf4 12. Bxf4 e5 13. Ne3 Qe6 14. Bg5 e4 15. Bxf6 Bxf6 16. dxe4 Qxe4 17. Bd3 Qh4 18. O-O-O Be6 19. g3 Qa4 20. b3 Qa3+ 21. Qb2 Qa5 22. Kc2 Rfd8 23. Be4 Rab8 24. Bd5 b5 25. Bxe6 fxe6 26. Rxd8+ Rxd8 27. Rd1 Rxd1 28. Nxd1 b4 29. Kb1 bxc3 30. Qc2 Qb4 31. Ne3 Qd4 32. a3 a5 33. a4 Bg5 34. Nc4 Bd2 35. Na3 Qxf2 36. Nb5 Qxg3 37. Qe4 Qe1+ 38. Qxe1 Bxe1 39. Kc2 h5 40. Nd6 Kg7 41. Nc4 g5 42. Nxa5 g4 43. hxg4 h4 44. Nc4 h3 45. a5 h2 46. a6 h1=Q 47. Nb6 Qg2+ 48. Kd3 Qd2+ 49. Kc4 Qe2+ 50. Kxc5 Qxa6 51. Nc4 c2 0-1


[Site "https://www.chess.com"]

[Event "Titled Tuesday Blitz March 28 Late 2023"]
[White "Khatena, Moshe"]
[Black "Rottenwohrer Suarez, Juan"]
[WhiteFideId "2010461"]
[BlackFideId "32068182"]
[WhiteElo "2170"]
[BlackElo "2174"]
[Result "0-1"]
[Round "11"]
[TimeControl "180+2"]
[Date "2023.03.28"]
[WhiteClock "0:00:32"]
[BlackClock "0:00:08"]

1. e4 c5 2. b3 g6 3. Bb2 Nf6 4. e5 Nd5 5. g3 Bg7 6. Bg2 Nb6 7. f4 O-O 8. Nf3 d6 9. Nc3 Nc6 10. exd6 exd6 11. O-O d5 12. Re1 Bf5 13. a4 Nb4 14. d3 d4 15. Ne4 N6d5 16. Bc1 Rc8 17. Nh4 Bxe4 18. Bxe4 Nc3 19. Qf3 Nxc2 20. Bd2 Nxe4 21. Qxe4 Nxa1 22. Rxa1 b6 23. f5 Re8 24. Qf3 Qe7 25. Rf1 Qe2 26. Qd5 Rcd8 27. Qc4 Qxd2 28. fxg6 Re7 29. Rxf7 Rxf7 30. Qxf7+ Kh8 31. gxh7 Qe3+ 32. Kg2 Qe8 33. Qf5 Rd6 34. Nf3 Qg6 35. Qc8+ Kxh7 36. Nh4 Qg5 37. Qe8 Qd5+ 38. Kg1 Qg5 39. Qe4+ Kg8 40. Nf5 Rf6 41. Ne7+ Kf7 42. Nd5 Qc1+ 43. Kg2 Qf1# 0-1


[Site "https://www.chess.com"]

[Event "Titled Tuesday Blitz March 28 Late 2023"]
[White "Torrente, Alejandro Josue"]
[Black "Adel, Sara"]
[WhiteFideId "4437969"]
[BlackFideId "10616764"]
[WhiteElo "2025"]
[BlackElo "1982"]
[Result "1-0"]
[Round "11"]
[TimeControl "180+2"]
[Date "2023.03.28"]
[WhiteClock "0:01:09"]
[BlackClock "0:00:29"]

1. e4 c6 2. d4 d5 3. Nc3 dxe4 4. Nxe4 Bf5 5. Ng3 Bg6 6. Nf3 Nd7 7. h4 h6 8. h5 Bh7 9. Bd3 Bxd3 10. Qxd3 Ngf6 11. Bd2 e6 12. O-O-O a5 13. Ne4 a4 14. a3 Nxe4 15. Qxe4 Nf6 16. Qe2 b5 17. Ne5 Qd5 18. Kb1 Bd6 19. f4 O-O 20. g4 b4 21. axb4 Rfb8 22. c4 Qe4+ 23. Qxe4 Nxe4 24. Nxc6 Rc8 25. b5 Nf2 26. Rhf1 Nxd1 27. Rxd1 Kf8 28. c5 Be7 29. f5 Ke8 30. fxe6 fxe6 31. Bf4 Kd7 32. Ne5+ Ke8 33. Nc6 Rxc6 34. bxc6 Rc8 35. c7 Kd7 36. Re1 Bf6 37. Re4 Re8 38. Ka2 Kc6 39. Be5 Kd5 40. Bxf6 gxf6 41. Rf4 e5 42. Rxf6 Rc8 43. Rd6+ Ke4 44. d5 Kd4 45. c6 e4 46. Rd7 e3 47. d6 Kd5 48. Rd8 e2 49. d7 Rxd8 50. cxd8=Q e1=Q 51. Qg8+ 1-0


[Site "https://www.chess.com"]

[Event "Titled Tuesday Blitz March 28 Late 2023"]
[White "Rian, Kapriaga"]
[Black "Pirvulescu, Ekaterina"]
[WhiteFideId "7103263"]
[BlackFideId "13506374"]
[WhiteElo "2350"]
[BlackElo "2006"]
[Result "1-0"]
[Round "11"]
[TimeControl "180+2"]
[Date "2023.03.28"]
[WhiteClock "0:00:51"]
[BlackClock "0:00:01"]

1. d4 d6 2. Nf3 g6 3. Bf4 Bg7 4. e3 Nf6 5. h3 O-O 6. Be2 c6 7. O-O Nbd7 8. Bh2 Qe8 9. c4 e5 10. Nc3 e4 11. Nd2 d5 12. cxd5 cxd5 13. Nb3 Qe6 14. a4 b6 15. a5 Bb7 16. axb6 axb6 17. Bb5 Rxa1 18. Nxa1 Ra8 19. Nc2 Ba6 20. Qe2 Bxb5 21. Qxb5 Ra5 22. Qb3 Bf8 23. Nb4 Bxb4 24. Qxb4 Qc6 25. Rc1 Qa8 26. Bf4 Kg7 27. Qd6 Ra1 28. Rxa1 Qxa1+ 29. Kh2 Qxb2 30. Nxd5 Qxf2 31. Nxf6 Nxf6 32. Qxb6 Nh5 33. Be5+ Kh6 34. d5 f6 35. Bd6 Kg5 36. Bc7 Ng7 37. Bf4+ Kh5 38. Qb3 g5 39. Bg3 Nf5 40. Bxf2 1-0


[Site "https://www.chess.com"]

[Event "Titled Tuesday Blitz March 28 Late 2023"]
[White "Oliveira, Tiago Batista"]
[Black "Ozalp, Burak"]
[WhiteFideId "2108291"]
[BlackFideId "6314210"]
[WhiteElo "1962"]
[BlackElo "2106"]
[Result "0-1"]
[Round "11"]
[TimeControl "180+2"]
[Date "2023.03.28"]
[WhiteClock "0:00:03"]
[BlackClock "0:00:11"]

1. d4 d5 2. c4 c6 3. Nf3 Nf6 4. Qc2 g6 5. Bf4 Bg7 6. Nc3 O-O 7. e3 Bf5 8. Qb3 b6 9. cxd5 Nxd5 10. Bg3 Nxc3 11. bxc3 c5 12. Bc4 Nc6 13. Bxf7+ Rxf7 14. Ng5 e6 15. Nxf7 Kxf7 16. O-O Bd3 17. Rfe1 c4 18. Qb5 Qd5 19. Qa4 Rc8 20. f3 Qa5 21. Qxa5 bxa5 22. e4 Nxd4 23. cxd4 Bxd4+ 24. Bf2 Bxa1 25. Rxa1 c3 26. Rc1 c2 27. Be3 a4 28. Kf2 a3 29. Ke1 Rd8 30. Bxa7 Rd7 31. Bc5 Kf6 32. Bxa3 Ke5 33. g3 Kd4 34. Kd2 Kc4 35. Ke3 Kc3 36. Re1 Bc4 37. Bc1 Rd1 38. Kf2 Rxc1 39. Rxc1 Kd2 40. Re1 Bxa2 41. Re2+ Kd1 42. Rxc2 Kxc2 43. Ke3 Kc3 44. Kf4 Kd4 45. Kg5 Bc4 46. Kh6 Be2 47. Kxh7 Bxf3 48. Kxg6 Bxe4+ 49. Kf6 e5 50. g4 Bc2 51. h4 e4 52. g5 e3 53. h5 e2 54. g6 e1=Q 55. Kg7 Qe5+ 56. Kh7 Qxh5+ 0-1


[Site "https://www.chess.com"]

[Event "Titled Tuesday Blitz March 28 Late 2023"]
[White "Matute Escobar, Roxanny"]
[Black "Wang, Alexander J"]
[WhiteFideId "3926028"]
[BlackFideId "30955270"]
[WhiteElo "1732"]
[BlackElo "2304"]
[Result "1-0"]
[Round "11"]
[TimeControl "180+2"]
[Date "2023.03.28"]
[WhiteClock "0:00:44"]
[BlackClock "0:00:20"]

1. e4 c5 2. Nf3 d6 3. d4 cxd4 4. Nxd4 Nf6 5. Nc3 g6 6. Be3 Bg7 7. f3 O-O 8. Bc4 Nc6 9. Qd2 Bd7 10. O-O-O Ne5 11. Bb3 Rc8 12. h4 h5 13. Bg5 Rc5 14. g4 hxg4 15. f4 Nc4 16. Qe2 b5 17. f5 Kh7 18. h5 Nxh5 19. Qxg4 Ne5 20. Rxh5+ Kg8 21. Qh4 gxh5 22. Bxe7 Qe8 23. Qg5 Kh7 24. Rh1 Bh6 25. Rxh5 Ng4 26. Kb1 Rg8 27. Qh4 Bc6 28. Nxc6 Rxc6 29. Nd5 f6 30. Nxf6+ Nxf6 31. Rxh6+ Kg7 32. Qxf6# 1-0


[Site "https://www.chess.com"]

[Event "Titled Tuesday Blitz March 28 Late 2023"]
[White "Necula, Iulian"]
[Black "Prieto Aranguren, Alain"]
[WhiteFideId "1232380"]
[BlackFideId "2268906"]
[WhiteElo "1790"]
[BlackElo "2209"]
[Result "0-1"]
[Round "11"]
[TimeControl "180+2"]
[Date "2023.03.28"]
[WhiteClock "0:00:08"]
[BlackClock "0:01:23"]

1. d4 d5 2. Nc3 c6 3. Bf4 g5 4. Bxg5 Qb6 5. Bc1 Bg7 6. e3 Nf6 7. Nf3 Bg4 8. Be2 Nbd7 9. O-O O-O-O 10. Na4 Qc7 11. h3 h5 12. Ng5 Rdf8 13. f4 Bxe2 14. Qxe2 Bh6 15. Nf3 Ne4 16. Qe1 Rfg8 17. Nc3 Ng3 18. Rf2 Nf6 19. Ne5 Ng4 20. hxg4 hxg4 21. Ne2 Bxf4 22. Rxf4 Rh1+ 23. Kf2 Rxe1 24. Kxe1 Ne4 25. Nxf7 e5 26. Nxe5 Qh7 27. Rf1 Qh2 28. Nf4 Qg3+ 29. Ke2 Rf8 30. Bd2 Rxf4 31. exf4 Qxg2+ 32. Kd3 Qxd2# 0-1


[Site "https://www.chess.com"]

[Event "Titled Tuesday Blitz March 28 Late 2023"]
[White "Narva, Triin"]
[Black "dorpato"]
[WhiteFideId "4502680"]
[WhiteElo "1944"]
[BlackElo "2067"]
[Result "1-0"]
[Round "11"]
[TimeControl "180+2"]
[Date "2023.03.28"]
[WhiteClock "0:00:02"]
[BlackClock "0:00:03"]

1. e4 c5 2. Nf3 g6 3. c3 Bg7 4. d4 cxd4 5. cxd4 d5 6. exd5 Nf6 7. Bb5+ Nbd7 8. Nc3 O-O 9. O-O Nb6 10. Re1 Nbxd5 11. Bg5 Bg4 12. h3 Nxc3 13. bxc3 Bd7 14. Bd3 Rc8 15. Qd2 Re8 16. c4 Qc7 17. Rab1 b6 18. Ne5 Rcd8 19. Qf4 Qd6 20. d5 Rf8 21. Qh4 Rde8 22. Nf3 Bc8 23. Re2 Bd7 24. Rbe1 b5 25. Bh6 bxc4 26. Bxc4 Nh5 27. Bxg7 Nxg7 28. Rxe7 Rxe7 29. Qxe7 Qxe7 30. Rxe7 Bf5 31. Rxa7 Rc8 32. Bb3 Rd8 33. Ne5 f6 34. d6+ Kf8 35. Rf7+ Kg8 36. Rd7+ Be6 37. Rxd8+ Ne8 38. Bxe6+ Kf8 39. Ra8 1-0


[Site "https://www.chess.com"]

[Event "Titled Tuesday Blitz March 28 Late 2023"]
[White "dDobravcan"]
[Black "Pein, Jonathan"]
[BlackFideId "417092"]
[WhiteElo "2128"]
[BlackElo "2151"]
[Result "1-0"]
[Round "11"]
[TimeControl "180+2"]
[Date "2023.03.28"]
[WhiteClock "0:00:05"]
[BlackClock "0:00:04"]

1. e4 e5 2. Nf3 d6 3. d4 exd4 4. Nxd4 Nf6 5. Nc3 g6 6. Bc4 Bg7 7. O-O O-O 8. Re1 a6 9. a4 Re8 10. f3 Nc6 11. Be3 Bd7 12. Qd2 Rb8 13. a5 h5 14. Rad1 Ne5 15. Ba2 h4 16. Bg5 h3 17. f4 Neg4 18. gxh3 c5 19. Nf3 Qxa5 20. hxg4 Bxg4 21. e5 Bxf3 22. exf6 Bxd1 23. Rxd1 Bf8 24. Qd3 c4 25. Bxc4 Qf5 26. Qg3 b5 27. Bd3 Qc5+ 28. Kg2 Qe3 29. Qh4 b4 30. Nd5 Qe6 31. Ne7+ Bxe7 32. fxe7 Qd5+ 33. Kg3 Qd4 34. Re1 Rb5 35. Bf6 Rh5 36. Bxd4 Rxh4 37. Kxh4 f5 38. Kg5 Kf7 39. Bc4+ d5 40. Bxd5# 1-0


[Site "https://www.chess.com"]

[Event "Titled Tuesday Blitz March 28 Late 2023"]
[White "Stanisz, Patryk"]
[Black "Toma, Katarzyna"]
[WhiteFideId "1123106"]
[BlackFideId "1119907"]
[WhiteElo "2069"]
[BlackElo "2149"]
[Result "1-0"]
[Round "11"]
[TimeControl "180+2"]
[Date "2023.03.28"]
[WhiteClock "0:00:43"]
[BlackClock "0:00:18"]

1. d4 Nf6 2. c4 g6 3. Nc3 d5 4. Nf3 Bg7 5. Qb3 dxc4 6. Qxc4 a6 7. Bf4 b5 8. Qxc7 Qxc7 9. Bxc7 b4 10. Na4 Nd5 11. Bg3 Bd7 12. Nc5 Nc6 13. e3 Bg4 14. Be2 O-O 15. h3 Bc8 16. O-O f5 17. Bc4 e6 18. Rac1 Na5 19. Bxd5 exd5 20. b3 h6 21. Nd3 Nb7 22. Nxb4 a5 23. Nxd5 a4 24. b4 g5 25. Be5 Bxe5 26. Nxe5 f4 27. Rc7 1-0


[Site "https://www.chess.com"]

[Event "Titled Tuesday Blitz March 28 Late 2023"]
[White "Barria Santos, Jose Guilherme"]
[Black "Bongo Akanga Ndjila, Barthelemy"]
[WhiteFideId "1939300"]
[BlackFideId "10609431"]
[WhiteElo "2301"]
[BlackElo "1768"]
[Result "1-0"]
[Round "11"]
[TimeControl "180+2"]
[Date "2023.03.28"]
[WhiteClock "0:00:04"]
[BlackClock "0:00:09"]

1. e4 e6 2. d4 d5 3. Nc3 Nf6 4. e5 Nfd7 5. Qg4 g6 6. Nf3 c5 7. Bf4 Nc6 8. O-O-O h5 9. Qg3 a6 10. h4 Nxd4 11. Nxd4 cxd4 12. Rxd4 Qb6 13. Rd2 Bc5 14. Na4 Qa5 15. Nxc5 Nxc5 16. f3 Qxa2 17. Kd1 Qa1+ 18. Ke2 Qxb2 19. Be3 Nd7 20. Bd4 Qb5+ 21. Kf2 Qb4 22. c3 Qe7 23. Bd3 O-O 24. Bxg6 fxg6 25. Qxg6+ Kh8 26. Qxh5+ Qh7 27. Qg4 Nb8 28. Be3 Nc6 29. Qg3 Bd7 30. Bg5 Rae8 31. Bf6+ Rxf6 32. exf6 Rf8 33. Qd6 Rxf6 34. g4 Kg7 35. g5 Rf7 36. h5 Qg8 37. g6 Re7 38. h6+ Kxg6 39. Rg1+ Kh7 40. Rxg8 Kxg8 41. Qg3+ Kh7 42. Qg5 e5 43. Rd1 Be6 44. Rg1 e4 45. Qf6 e3+ 46. Ke1 Bg8 47. Rg7+ Rxg7 48. Qxg7# 1-0


[Site "https://www.chess.com"]

[Event "Titled Tuesday Blitz March 28 Late 2023"]
[White "Burke, Paul"]
[Black "Vargas, Mauricio"]
[WhiteFideId "2605767"]
[BlackFideId "4404572"]
[WhiteElo "1952"]
[BlackElo "2025"]
[Result "1-0"]
[Round "11"]
[TimeControl "180+2"]
[Date "2023.03.28"]
[WhiteClock "0:00:46"]
[BlackClock "0:00:04"]

1. e4 c5 2. d4 cxd4 3. c3 dxc3 4. Nxc3 g6 5. Nf3 Bg7 6. Bc4 a6 7. Bg5 h6 8. Qb3 e6 9. Bxd8 Kxd8 10. Be2 b5 11. O-O Bb7 12. Rad1 Bc6 13. Nd4 Bb7 14. Ndxb5 axb5 15. Qxb5 Bc6 16. Qb6+ Ke8 17. Nb5 Nf6 18. Nc7+ Kf8 19. Nxa8 Kg8 20. Qxb8+ Kh7 21. Qb6 Rxa8 22. e5 Nd5 23. Qd4 d6 24. f4 Rxa2 25. h3 Ra4 26. Qd2 dxe5 27. fxe5 Bxe5 28. Rxf7+ Kg8 29. Rdf1 Bd4+ 30. Kh1 Bg7 31. Bd3 Rd4 32. Qe2 1-0


[Site "https://www.chess.com"]

[Event "Titled Tuesday Blitz March 28 Late 2023"]
[White "Maluco_do_Natal_00"]
[Black "Stead, Kerry"]
[BlackFideId "3202577"]
[WhiteElo "2015"]
[BlackElo "1997"]
[Result "0-1"]
[Round "11"]
[TimeControl "180+2"]
[Date "2023.03.28"]
[WhiteClock "0:00:03"]
[BlackClock "0:00:43"]

1. e4 e6 2. d4 d5 3. Nc3 Bb4 4. e5 c5 5. a3 Bxc3+ 6. bxc3 Qc7 7. Qg4 f5 8. Qg3 Nc6 9. Ne2 Qf7 10. f4 c4 11. a4 Bd7 12. Ba3 Nge7 13. Ng1 O-O-O 14. Nf3 h6 15. h4 g6 16. Be2 Rdg8 17. Kd2 Na5 18. Bd6 b6 19. Rhb1 Nec6 20. Rh1 Nb7 21. Ba3 Qe8 22. Qe1 Qd8 23. g3 g5 24. hxg5 hxg5 25. Nxg5 Rxh1 26. Qxh1 Rxg5 27. fxg5 Qxg5+ 28. Kd1 Qxg3 29. Qh8+ Ncd8 30. Qh6 Qxc3 31. Ra2 Qxd4+ 32. Qd2 Qxe5 33. Bb2 Qe4 34. Kc1 Nc5 35. Bd4 Nxa4 0-1